 Dungeon Crawl Stone Soup version 0.23-a0-550-g7de1f8e (webtiles) character file.

19 JeffiDaFish the Digger (level 2, -1/15 HPs)
             Began as a Gargoyle Earth Elementalist on Dec 9, 2018.
             Slain by a kobold
             ... wielding a +0 short sword
              (3 damage)
             ... on level 1 of the Dungeon.
             The game lasted 00:01:16 (149 turns).

JeffiDaFish the Digger (Gargoyle Earth Elementalist) Turns: 149, Time: 00:01:17

Health: -1/15      AC:  4    Str: 11    XL:     2   Next: 75%
Magic:  0/5        EV: 12    Int: 15    God:
Gold:   0          SH:  0    Dex: 10    Spells: 4/5 levels left

rFire    . . .     SeeInvis .   (no weapon)
rCold    . . .     Gourm    .   (no shield)
rNeg     + . .     Faith    .   c - +0 robe
rPois    ∞         Spirit   .   (no helmet)
rElec    +         Reflect  .   (no cloak)
rCorr    .         Harm     .   (no gloves)
MR       .....                  (no boots)
Stlth    ++........             (no amulet)
HPRegen  0.05/turn              (no ring)
MPRegen  0.09/turn              (no ring)

@: no status effects
A: negative energy resistance 1, electricity resistance, unbreathing,
petrification resistance, rot immunity, AC +2
a: no special abilities


You were on level 1 of the Dungeon.
You were not hungry.

You visited 1 branch of the dungeon, and saw 1 of its levels.

Inventory:

Missiles
 b - 57 stones (quivered)
Armour
 c - a +0 robe (worn)
Comestibles
 a - 3 chunks of flesh
 d - a ration


   Skills:
 - Level 1.5 Dodging
 - Level 2.2 Stealth
 + Level 2.3 Spellcasting
   Level 0.7 Transmutations
 * Level 4.4 Earth Magic


You had 4 spell levels left.
You knew the following spells:

 Your Spells              Type           Power        Failure   Level  Hunger
a - Sandblast             Erth           ###...       3%          1    #......

Your spell library contained the following spells:

 Spells                   Type           Power        Failure   Level  Hunger
 Passwall                 Tmut/Erth      #.......     11%         2    ###....
 Stone Arrow              Conj/Erth      #.....       26%         3    ###....
 Petrify                  Tmut/Erth      #.......     58%         4    #####..
 Lee's Rapid Deconstruct  Erth           ###.......   67%         5    ######.


Dungeon Overview and Level Annotations

Branches:
Dungeon (1/15)

Altars:


Innate Abilities, Weirdness & Mutations

You are resistant to torment.
Your stone body is resilient. (AC +2)
You are immune to poison.
You resist negative energy. (rN+)
You are resistant to electric shocks. (rElec)
You can survive without breathing.
You are immune to petrification.
You are immune to rotting.


Message History

The kobold is moderately wounded.
The rat misses you. The kobold closely misses you.
Casting: Sandblast (safe; 3% risk of failure)
Confirm with . or Enter, or press ? or * to list all spells.
Aiming: Sandblast (safe; 3% risk of failure)
Press: ? - help, Shift-Dir - straight line, f - kobold
Aim: a kobold, wielding a +0 short sword (moderately wounded)
The blast of sand hits the kobold.
The kobold is moderately wounded.
b - 57 stones The rat bites you but does no damage.
The kobold hits you with a +0 short sword.
* * * LOW HITPOINT WARNING * * *
You barely miss the kobold.
The kobold is moderately wounded.
The rat barely misses you. The kobold barely misses you.
You hit the kobold but do no damage. The rat bites you.
* * * LOW HITPOINT WARNING * * *
The kobold hits you with a +0 short sword.
You die...

#.#.#...#..#####...####.##.....
###.#.#K..#..# #...# #........
........wK...# #...# #.###....
####.##..###.# ###...##
#.......# #.##......# #..g...#
###...... #r###.#######.#....#
#.##... #.##g###.##......#....#
#g##.##
.........##g####K##.....#
#.##.>. ##########.....#@#
##.#.###.#####
#..##.#r##.......%......
#..##.#g.........###.###
#..gr...##..##.#. .#
#...#.......## #. .#
###.######.... #> .# #.# .####.
.# #.# #. .# #.# .. .#


You could see a goblin, a kobold and a rat.

Vanquished Creatures
  A gnoll (D:1)
  A dart slug (D:1)
  2 goblins (D:1)
  A hobgoblin (D:1)
  A bat (D:1)
  2 rats (D:1)
8 creatures vanquished.

Notes
Turn   | Place    | Note
-------+----------+-------------------------------------------
     0 | D:1      | JeffiDaFish the Gargoyle Earth Elementalist began the quest
                  | for the Orb.
     0 | D:1      | Reached XP level 1. HP: 10/10 MP: 3/3
   115 | D:1      | Reached skill level 4 in Earth Magic
   115 | D:1      | Reached XP level 2. HP: 8/15 MP: 0/5
   149 | D:1      | Slain by a kobold

Vault maps used:
D:1:      dpeg_arrival_rooms_c

Skill      XL: |  1 |
---------------+----+-----
Earth Magic    | 4 |  4.4
Dodging        | |  1.5
Stealth        | |  2.2
Spellcasting   | |  2.3
Transmutations | |  0.7

Action                   || total
-------------------------++-------
Melee: Unarmed           ||    14
 Cast: Sandblast         ||    12
Armor: Robe              ||     4
Dodge: Dodged            ||    21

Table legend:
 A = Non-vault XP
 B = Vault XP
 C = Vault XP percentage of total XP
 D = Non-vault monster count
 E = Vault monster count
 F = Vault count percentage of total count
                 A         B        C        D         E       F
            +---------+---------+-------+---------+---------+-------
      Total |      28 |       0 |   0.0 |       8 |       0 |   0.0
            +---------+---------+-------+---------+---------+-------
        D:1 |      28 |       0 |   0.0 |       8 |       0 |   0.0
            +---------+---------+-------+---------+---------+-------
